 Dungeon Crawl Stone Soup version 0.13.1-27-ga479965 (webtiles) character file.

147 Chiseanne the Ruffian (level 4, 0/25 HPs)
             Began as a Gargoyle Transmuter on Jan 28, 2014.
             Slain by a jackal (3 damage)
             ... on Level 1 of the Dungeon.
             The game lasted 00:05:12 (1743 turns).

Chiseanne the Ruffian (Gargoyle Transmuter)         Turns: 1743, Time: 00:05:13

HP   0/25        AC  5     Str 13      XL: 4   Next: 19%
MP   5/6         EV 12     Int 15      God:
Gold 79          SH  0     Dex 10      Spells:  1 memorised,  7 levels left

Res.Fire  : . . .   See Invis. : .     - Unarmed
Res.Cold  : . . .   Warding    : .   l - +0 robe
Life Prot.: + . .   Conserve   : .   (no shield)
Res.Poison: +       Res.Corr.  : .   f - +0 wizard hat
Res.Elec. : +       Clarity    : .   (no cloak)
Sust.Abil.: . .     Spirit.Shd : .   (no gloves)
Res.Mut.  : .       Stasis     : .   (no boots)
Res.Rott. : +       Flight     : .   (no amulet)
Saprovore : . . .                    (no ring)
                                     (no ring)

@: appendage, slightly resistant to hostile enchantments, unstealthy
A: fangs 1, horns 2, talons 2, life protection 1, electricity resistance, slow
metabolism 1, unbreathing, petrification resistance, AC +3
a: End Transformation


You were on level 1 of the Dungeon.
You were not hungry.
You had grown temporary horns.
You visited 1 branch of the dungeon, and saw 2 of its levels.

You collected 59 gold pieces.

Inventory:

Missiles
 b - 12 arrows
Armour
 f - a +0 wizard hat (worn)
 l - a +0 robe (worn)
Comestibles
 a - 2 bread rations
 g - a choko
Scrolls
 h - a scroll of enchant armour
Potions
 e - a potion of cure mutation
Books
 d - a book of Changes

   Spells                             Type                      Level
   *Beastly Appendage                 Transmutation                1
   Sticks to Snakes                   Transmutation                2
   Spider Form                        Transmutation/Poison         3
   Ice Form                           Ice/Transmutation            4
   Blade Hands                        Transmutation                5


   Skills:
 * Level 1.7 Fighting
 * Level 2.6 Dodging
 - Level 3.2 Unarmed Combat
 * Level 2.5 Spellcasting
 * Level 2.1 Transmutations


You had 7 spell levels left.
You knew the following spells:

 Your Spells              Type           Power        Failure   Level  Hunger
a - Beastly Appendage     Trmt           #.....       12%         1    #......


Dungeon Overview and Level Annotations

Branches:
Dungeon (2/27)

Altars:


Innate Abilities, Weirdness & Mutations

You are resistant to torment.
You are immune to poison.
Your stone body is very resilient (AC +3).
You have very sharp teeth.
You have razor-sharp toenails.
You resist negative energy.
You are resistant to electric shocks.
You have a slow metabolism.
You can survive without breathing.
You are immune to petrification.
You have a pair of horns on your head.


Message History

The jackal bites you but does no damage.
The jackal barely misses you. The jackal bites you.
* * * LOW HITPOINT WARNING * * *
A jackal comes into view.
The jackal moves out of view.
The jackal closely misses you. The jackal barely misses you.
The jackal bites you but does no damage.
A bat comes into view.
The jackal bites you but does no damage.
Casting: Beastly Appendage
Confirm with . or Enter, or press ? or * to list all spells.
You grow a pair of large bovine horns.
The bat hits you but does no damage. The jackal barely misses you.
The jackal bites you.
* * * LOW HITPOINT WARNING * * *
The bat closely misses you. The jackal closely misses you.
You hit the bat. Your headbutt misses the bat.
The bat is moderately wounded.
The bat hits you but does no damage. The bat misses you.
The jackal barely misses you. The jackal bites you.
You die...

##.....####.# #.......
#.......###.# ####....
#........##.#### #####
#..............#
###...........##.#
#.............##.#####
#.#.#####.#.#....h.h.#
#.#.#####.#b####.###.#
#.#.......#@####.#
#.##
#.#########hhh...#
#.g# #.#### #..g..####
##.###### #)##.##
#.....######...#....
#.)...#
#........##.........
####.##
#.....##.##....#....
#.#
#...........#%######
#.# #####.##.#....# #
#.# #.##...#..# #


You could see a gnoll, 3 jackals and a bat.

Vanquished Creatures
  Jessica (D:2)
  2 gnolls (D:2)
  2 giant geckos (D:1)
  5 bats (D:1)
  2 giant cockroaches (D:1)
  3 hobgoblins (D:1)
  3 ball pythons (D:1)
  4 goblins (D:1)
  8 kobolds (D:1)
  4 rats (D:1)
34 creatures vanquished.

Notes
Turn   | Place    | Note
--------------------------------------------------------------
     0 | D:1      | Chiseanne, the Gargoyle Transmuter, began the quest for the Orb.
     0 | D:1      | Reached XP level 1. HP: 12/12 MP: 1/1
   315 | D:1      | Reached XP level 2. HP: 13/16 MP: 0/3
   895 | D:1      | Reached XP level 3. HP: 20/20 MP: 2/4
  1633 | D:2      | Noticed Jessica
  1643 | D:2      | Killed Jessica
  1679 | D:2      | Reached XP level 4. HP: 21/25 MP: 6/6
  1743 | D:1      | Slain by a jackal

Action                   |  1- 3 |  4- 6 || total
-------------------------+-------+-------++-------
Melee: Unarmed           |   105 |    10 ||   115
       Short sword       |     1 |       ||     1
 Cast: Beastly Appendage |    23 |     1 ||    24
  Use: Scroll            |     2 |     1 ||     3
       Potion            |       |     2 ||     2
